Map: Nightscape LE

Players

qqq

  • Race: Zerg Zerg

Massa

  • Race: Terran Terran
  • League: Platinum

Likvi - Winner!

  • Race: Terran Terran
  • League: Diamond

Shadow - Winner!

  • Race: Protoss Protoss
  • League: Diamond

VOD

Have the link to the VOD?

Description

Time

  • Played on: April 28, 2021, 1:24 p.m.
  • Length: 11:24
Show
View Real Time Build Order
Export as new Build Order

qqq Zerg 

Build Orders: Pool First 

Get SALT Encoding   

  12  0:00  Drone  
  13  0:22  Spawning Pool  
  12  0:28  Drone  
  12  0:34  Overlord  
  13  0:38  Drone  
  14  0:48  Extractor  
  13  0:50  Drone  
  14  1:09  Queen  
  16  1:12  Zergling x6  
  19  1:27  Zergling x2  
  20  1:45  Zergling x4  
  22  1:52  Metabolic Boost  
  22  1:57  Overlord  
  22  2:15  Zergling x2  
  22  2:20  Drone  
  24  2:23  Hatchery  
  24  2:29  Zergling x2  
  25  2:30  Zergling x2  
  25  2:45  Drone x3  
  28  3:01  Drone  
  29  3:07  Drone  
  30  3:23  Overlord  
  30  3:39  Drone x4  
  30  3:40  Drone  
  34  3:52  Queen  
  34  3:54  Drone x3  
  39  4:07  Drone x4  
  43  4:13  Extractor, Roach Warren  
  43  4:16  Zergling x2  
  42  4:34  Spine Crawler  
  42  4:38  Drone x3  
  43  4:41  Overlord x4  
  43  4:49  Zergling x4  
  42  4:54  Spine Crawler  
  42  4:56  Drone  
  42  4:58  Spine Crawler  
  41  5:01  Overlord  
  41  5:13  Spine Crawler  
  40  5:18  Zergling x8  
  40  5:19  Zergling x2  
  45  5:26  Zergling x2  
  37  5:40  Zergling x4  
  37  5:41  Roach  
  38  5:54  Zergling x4  
  38  5:55  Zergling x2  
  39  5:59  Queen  
  36  6:08  Roach  
  36  6:09  Roach  
  41  6:11  Roach  
  39  6:34  Roach  
  39  6:35  Roach x3  
  46  6:42  Roach  
  47  6:47  Zergling x2  
  47  6:49  Drone x2  
  47  6:50  Drone  
  51  6:58  Zergling x2  
  51  6:59  Zergling x2  
  51  7:00  Hatchery  
  52  7:02  Lair  
  52  7:04  Roach  
  54  7:11  Roach x2  
  58  7:28  Zergling x4, Roach x3  
  64  7:30  Drone  
  64  7:38  Zergling x4  
  66  7:49  Roach  
  66  7:50  Zergling x4, Roach  
  66  7:51  Roach  
  66  8:01  Spine Crawler  
  66  8:03  Roach x2  
  66  8:05  Drone  
  70  8:12  Queen  
  72  8:25  Drone x3  
  72  8:26  Drone, Roach  
  78  8:37  Roach  
  78  8:38  Roach  
  78  8:39  Overlord  
  82  8:58  Spire  
  82  9:02  Extractor, Drone x3  
  83  9:03  Drone x2  
  83  9:04  Drone  
  83  9:06  Ravager x2  
  83  9:08  Ravager  
  89  9:12  Drone  
  89  9:14  Overlord  
  55  9:56  Roach x2  
  55  9:57  Roach x8  
  66  10:11  Spine Crawler  
  66  10:14  Roach x6  
  74  10:27  Mutalisk x2  
  62  10:45  Mutalisk, Roach  
  62  10:46  Mutalisk x2  
  64  10:52  Overlord x2  
  58  11:00  Zergling x4  
Show
View Real Time Build Order
Export as new Build Order

Massa Terran 

Build Orders:  

Get SALT Encoding   

  12  0:00  SCV  
  13  0:12  SCV  
  14  0:22  Supply Depot  
  14  0:24  SCV  
  15  0:44  SCV  
  15  0:45  Barracks  
  15  0:48  Refinery  
  16  0:56  SCV  
  17  1:04  Barracks  
  17  1:08  SCV  
  18  1:20  SCV  
  19  1:30  Supply Depot  
  19  1:32  Orbital Command  
  19  1:35  Reaper  
  20  1:42  Supply Depot  
  20  1:53  Reaper  
  21  1:57  SCV  
  22  2:09  Reaper  
  24  2:21  Command Center  
  23  2:27  Barracks Tech Lab  
  23  2:30  SCV  
  24  3:15  Barracks Reactor  
  24  3:20  SCV  
  24  3:26  Refinery  
  25  3:29  Engineering Bay  
  25  3:32  SCV  
  26  3:34  Command Center  
  26  3:37  Orbital Command  
  26  3:42  Refinery  
  26  3:44  Factory  
  26  3:46  Marine  
  24  4:04  Marine  
  24  4:05  Marine x2  
  27  4:11  SCV x2  
  29  4:22  Marauder  
  29  4:23  SCV x2, Marine x2  
  35  4:28  Hellion  
  36  4:35  SCV x2  
  38  4:41  Marine  
  38  4:42  Starport  
  39  4:47  Missile Turret  
  39  4:50  Marauder, Marine  
  42  4:53  Factory Tech Lab  
  42  4:57  Barracks  
  42  4:58  Marine  
  43  5:08  Marine  
  43  5:09  SCV, Barracks  
  43  5:11  Marauder  
  46  5:16  Marine  
  42  5:27  SCV x3  
  38  5:29  Starport Tech Lab  
  38  5:30  Siege Tank  
  38  5:32  Marine  
  38  5:33  Marine  
  38  5:34  Marine  
  29  5:50  Marine  
  29  5:51  Marine  
  29  5:52  Marine  
  29  5:53  Medivac  
  32  6:08  Marine x2  
  32  6:10  Marine  
  35  6:14  Widow Mine  
  37  6:18  SCV  
  37  6:22  Barracks  
  38  6:26  Marine x2  
  38  6:28  Marine  
  38  6:30  SCV  
  42  6:42  SCV  
  42  6:43  Marine  
  42  6:44  Marine  
  45  6:47  Marine  
  45  6:49  Widow Mine  
  48  7:01  Marine  
  48  7:04  Starport  
  49  7:10  Barracks Tech Lab  
  49  7:12  Marine x2, Missile Turret  
  49  7:13  Missile Turret  
  51  7:19  Marine  
  52  7:30  Marine  
  53  7:37  Marauder, Marine x2  
  57  7:44  SCV  
  57  7:46  Orbital Command  
  57  7:48  Marine  
  59  7:55  Marine  
  59  7:56  SCV  
  59  7:57  Factory Tech Lab  
  61  7:59  Barracks Tech Lab  
  61  8:07  Supply Depot  
  61  8:20  Supply Depot  
  61  8:21  Stimpack  
  61  8:25  Combat Shield  
  61  8:29  SCV x2, Marauder, Marine x2  
  61  8:33  Starport Tech Lab  
  67  8:34  SCV  
  69  8:41  SCV  
  69  8:42  SCV, Siege Tank  
  65  9:24  Marauder x2, Marine x2  
  65  9:42  Marine x2  
  68  9:45  Marauder  
  68  9:46  Marauder  
  68  9:50  Raven  
  68  9:51  Barracks x2  
  72  9:53  Barracks  
  65  10:00  Marine x2  
  63  10:07  Marauder x2  
  53  10:15  Siege Tank  
  53  10:18  Marine  
  54  10:22  Marine  
  54  10:25  Orbital Command  
  54  10:27  SCV x2  
  61  10:28  Marauder x2  
  61  10:33  Medivac  
  61  10:39  SCV x2, Marine  
  61  10:40  Marine x2  
  62  10:47  Siege Tank  
  60  10:50  Marauder x2  
  60  10:51  SCV  
  57  10:57  Marine x2  
  57  10:58  Marine  
Show
View Real Time Build Order
Export as new Build Order

Likvi Terran - Winner!

Build Orders:  

Get SALT Encoding   

  12  0:00  SCV  
  13  0:12  SCV  
  14  0:17  Supply Depot  
  14  0:24  SCV  
  15  0:38  SCV  
  15  0:40  Barracks  
  16  0:45  Refinery  
  16  0:50  SCV  
  17  1:02  SCV  
  18  1:15  SCV  
  19  1:27  Orbital Command  
  19  1:32  Barracks Reactor  
  19  1:40  Command Center  
  19  1:52  SCV  
  20  2:01  Supply Depot  
  20  2:04  SCV  
  21  2:08  Marine  
  21  2:09  Marine  
  21  2:11  Factory  
  23  2:21  Bunker  
  23  2:25  SCV  
  23  2:26  Marine  
  23  2:29  Refinery  
  25  2:32  Marine  
  26  2:44  Marine  
  26  2:50  Marine  
  27  2:53  SCV  
  27  2:54  Orbital Command  
  27  2:57  Hellion  
  30  3:02  Marine  
  31  3:08  Marine  
  31  3:15  Starport  
  33  3:20  Hellion, Marine  
  33  3:22  SCV  
  35  3:30  Supply Depot  
  35  3:35  Marine  
  35  3:38  Marine  
  35  3:40  Orbital Command  
  37  3:54  Factory Tech Lab  
  37  4:06  Starport Tech Lab  
  37  4:07  Supply Depot  
  37  4:08  Marine x2  
  40  4:10  SCV x2  
  40  4:16  Engineering Bay  
  41  4:22  SCV x2  
  43  4:28  Cyclone, Marine  
  47  4:37  Raven  
  45  4:41  SCV  
  45  4:42  SCV, Barracks x2  
  47  4:50  Supply Depot  
  47  4:54  Missile Turret  
  47  5:01  Marine  
  47  5:02  Cyclone  
  47  5:06  SCV  
  52  5:07  SCV  
  52  5:12  Supply Depot  
  53  5:25  Marine x2  
  53  5:26  Raven  
  55  5:43  Marine  
  56  5:56  Marine  
  57  5:57  Cyclone  
  57  5:58  SCV  
  57  6:00  Marine  
  56  6:14  SCV x2  
  56  6:15  Barracks Tech Lab x2  
  58  6:22  Command Center  
  58  6:24  Refinery, Barracks  
  58  6:25  Barracks  
  58  6:26  SCV x2  
  58  6:28  Supply Depot  
  58  6:37  Marine x3  
  58  6:38  SCV x2, Siege Tank  
  68  6:50  SCV  
  69  6:56  Stimpack, Marine, Combat Shield  
  69  6:57  Marine  
  69  7:00  SCV  
  70  7:02  SCV, Starport Reactor  
  70  7:03  Refinery  
  71  7:13  SCV  
  71  7:15  Barracks Reactor x2, SCV  
  73  7:17  Supply Depot  
  73  7:21  Starport  
  56  7:40  Supply Depot  
  56  7:43  Marine  
  56  7:44  Marine x2  
  57  7:50  Viking x2, Missile Turret  
  57  7:51  Missile Turret  
  63  7:56  Orbital Command  
  63  7:57  SCV x2  
  63  7:58  Starport Reactor  
  65  8:01  Marine  
  65  8:04  Missile Turret  
  66  8:09  SCV  
  66  8:10  Marine x5  
  72  8:20  Viking  
  72  8:25  Orbital Command  
  74  8:30  Marine x7  
  74  8:31  Marine, Supply Depot  
  82  8:39  Viking x2  
  86  8:42  Viking  
  86  8:44  SCV  
  86  8:48  Marine x3  
  91  8:50  SCV  
  93  9:04  Marine  
  93  9:05  Marine x5  
  93  9:06  Siege Tank  
  93  9:08  Marine  
  103  9:17  Marine  
  103  9:19  Concussive Shells  
  103  9:22  Marine x2  
  103  9:23  Marine, Viking x2  
  111  9:24  SCV  
  111  9:25  SCV  
  113  9:36  SCV  
  113  9:37  SCV  
  113  9:38  Missile Turret, Siege Tank  
  118  9:42  Viking  
  120  9:49  SCV, Liberator  
  120  9:50  Marine  
  125  9:55  Missile Turret  
  125  10:26  Supply Depot  
  125  10:33  SCV, Marine  
  125  10:36  Marine  
  125  10:39  SCV, Marine x2  
  125  10:40  Marine x2  
  125  10:41  SCV, Marine x2  
  124  10:45  SCV  
  124  10:49  Supply Depot  
  111  10:51  Marine  
  111  10:53  SCV  
  111  10:54  Marine  
  111  10:57  Marine x2  
  106  10:58  Marine x2  
  106  10:59  Marine x2  
  124  11:13  Supply Depot  
Show
View Real Time Build Order
Export as new Build Order

Shadow Protoss - Winner!

Build Orders:  

Get SALT Encoding   

  12  0:00  Probe  
  13  0:14  Probe  
  14  0:22  Pylon  
  14  0:26  Probe  
  15  0:40  Probe (Chrono Boost)  
  15  0:42  Gateway  
  16  0:51  Assimilator  
  16  0:52  Probe (Chrono Boost)  
  17  1:01  Probe (Chrono Boost)  
  18  1:10  Probe  
  19  1:22  Probe  
  20  1:29  Gateway  
  20  1:33  Cybernetics Core  
  20  1:40  Probe  
  20  1:42  Assimilator  
  20  1:45  Pylon  
  21  1:52  Probe  
  21  2:04  Probe  
  22  2:11  Robotics Facility  
  22  2:16  Probe, Adept (Chrono Boost)  
  22  2:20  Warp Gate  
  27  2:24  Adept (Chrono Boost)  
  27  2:34  Pylon  
  27  2:39  Adept (Chrono Boost)  
  27  2:40  Pylon  
  29  2:46  Adept  
  31  3:18  Immortal (Chrono Boost)  
  31  3:20  Probe  
  31  3:26  Gateway  
  36  3:28  Pylon  
  36  3:36  Twilight Council  
  36  3:49  Immortal (Chrono Boost)  
  40  4:06  Pylon  
  40  4:11  Adept x2  
  44  4:18  Warp Prism (Chrono Boost)  
  46  4:28  Sentry  
  48  4:32  Sentry x2  
  52  4:50  Nexus  
  38  5:37  Probe, Resonating Glaives (Chrono Boost)  
  37  5:44  Immortal  
  37  5:49  Probe  
  40  6:02  Probe  
  40  6:03  Probe  
  42  6:08  Gateway  
  42  6:10  Gateway  
  42  6:14  Probe  
  42  6:15  Probe  
  44  6:26  Probe  
  44  6:27  Probe  
  46  6:37  Immortal  
  46  6:38  Probe  
  46  6:39  Probe  
  52  6:42  Pylon  
  52  6:50  Probe  
  52  6:51  Probe  
  52  6:53  Pylon  
  54  7:02  Probe  
  54  7:04  Probe  
  54  7:07  Adept x3  
  62  7:12  Sentry  
  62  7:13  Sentry  
  62  7:14  Probe  
  67  7:16  Probe  
  68  7:26  Probe  
  68  7:28  Probe  
  70  7:35  Adept x4  
  70  7:36  Adept  
  80  7:38  Probe  
  80  7:40  Probe  
  82  7:50  Probe  
  82  7:51  Immortal (Chrono Boost)  
  83  7:52  Probe  
  88  7:59  Gateway  
  88  8:00  Gateway  
  88  8:02  Gateway  
  88  8:03  Probe  
  88  8:04  Probe  
  90  8:08  Assimilator  
  90  8:12  Assimilator, Sentry x2  
  94  8:16  Pylon  
  94  8:17  Pylon  
  94  8:28  Nexus  
  94  8:33  Pylon  
  94  8:40  Sentry x3  
  100  8:41  Adept  
  102  8:54  Forge  
  102  9:02  Adept x2  
  102  9:03  Adept x3  
  102  9:05  Sentry  
  114  9:27  Adept x2  
  88  9:59  Adept x5  
  88  10:00  Adept x3  
  88  10:05  Adept x8  
  84  10:26  Adept x7  
  84  10:27  Adept  
  88  11:04  Adept x5  
  88  11:05  Adept x3  
Tags
 
Add a new tag
Caveats
  • Supply blocks, unpowered buildings, or Contaminate may cause inaccurate times.
  • Supply counts are checked every 10 seconds.